 Dungeon Sprint DCSS version 0.17-a0-1056-g838d5c0 (webtiles) character file.

1600000 Vrock the Middleweight Champion (level 18, -15/138 HPs)
             Began as a Gargoyle Gladiator on May 16, 2015.
             Was a High Priest of Makhleb.
             Killed from afar by a large bag of meat (25 damage)
             ... with an exploding inner flame
             ... in the Dungeon (Sprint VIII: "Arena of Blood").
             The game lasted 00:00:58 (16 turns).

Vrock the Middleweight Champion (Gargoyle Gladiator)  Turns: 16, Time: 00:00:59

Health: -15/138    AC: 18    Str: 25    XL:     18   Next: 1%
Magic:  18/18      EV: 24    Int: 11    God:    Makhleb [*****.]
Gold:   0          SH:  0    Dex: 10    Spells: 0 memorised, 17 levels left

rFire  . . .     SeeInvis .     k - +∞ Axe of Woe
rCold  . . .     Clarity  .     a - +0 leather armour
rNeg   + . .     SustAb   .     (no shield)
rPois  ∞         Gourm    .     b - +0 helmet
rElec  +         Spirit   .     (no cloak)
rCorr  .         Warding  .     (no gloves)
rMut   .         NoTele   +     (no boots)
MR     +....                    (no amulet)
Stlth  +.........               (no ring)
                                (no ring)

@: somewhat resistant to hostile enchantments, very unstealthy
A: big wings, negative energy resistance 1, electricity resistance, unbreathing,
petrification resistance, rot immunity, AC +13
a: Fly, Minor Destruction, Lesser Servant of Makhleb, Major Destruction, Greater
Servant of Makhleb, Renounce Religion


You were in the Dungeon.
You worshipped Makhleb.
Makhleb was extremely pleased with you.
You were not hungry.

You visited 1 branch

Inventory:

Hand weapons
 k - the +∞ Axe of Woe (weapon)
   (You found it in the Dungeon)
Missiles
 c - 3 throwing nets (quivered)
Armour
 a - a +0 leather armour (worn)
 b - a +0 helmet (worn)
Scrolls
 j - a scroll of blinking
Potions
 e - a potion of curing
 f - a potion of heal wounds
 g - a potion of haste
 h - 2 potions of magic
 i - a potion of berserk rage
Comestibles
 d - a bread ration


   Skills:
 + Level 24.0 Fighting
 + Level 13.3 Axes
 + Level 18.7 Throwing
 + Level 5.9 Armour
 O Level 27 Dodging
 O Level 27 Unarmed Combat


You had 17 spell levels left.
You didn't know any spells.

Dungeon Overview and Level Annotations

Branches:
Dungeon (1/1)

Altars:
Makhleb


Innate Abilities, Weirdness & Mutations

You are resistant to torment.
Your stone body is resilient (AC +13).
You are immune to poison.
Your large and strong wings let you fly indefinitely.
You resist negative energy.
You are resistant to electric shocks.
You can survive without breathing.
You are immune to petrification.
You are immune to rotting.


Message History

The large bag of meat hits you with a +9 giant spiked club!!!!
Ouch! That really hurt!
* * * LOW HITPOINT WARNING * * *
You hear a shout! 2 orcs come into view.
You slice the bag of meat!!
You cleave the bag of meat in twain.
You kill the bag of meat!
Makhleb accepts your kill.
Your Fighting skill gained 2 levels and is now at level 24!
Your Axes skill gained 2 levels and is now at level 13!
You have mastered Dodging!
You have reached level 18!
Your experience leads to an increase in your attributes!
Increase (S)trength, (I)ntelligence, or (D)exterity?
You feel stronger.
You hit the large bag of meat.
You chop the large bag of meat into pieces.
The large bag of meat explodes!
The fiery explosion engulfs you!
You die...

.......oo.....
#o.....o...#o#.
#.o......o......
#.....o........
..#...oo........
.....o..........
.....OC§o§......
#@§o....# ..
#§§§....#
...###.).....###.
......)))###......
.#........_......
.......#..o..#..
.......#_.<._#
.......#...o.#
.#......o._......


You could see a large bag of meat (inner flame), a meat berserker (berserk) and
15 bags of meat.

Vanquished Creatures
  An ogre (D)
  11 orcs (D)
12 creatures vanquished.

Notes
Turn   | Place    | Note
--------------------------------------------------------------
     0 | D        | Vrock the Gargoyle Gladiator began the quest for the Orb.
     0 | D        | Reached XP level 1. HP: 12/12 MP: 1/1
     3 | D        | Noticed a bag of meat
     4 | D        | Became a worshipper of Makhleb the Destroyer
     6 | D        | Noticed a bag of meat
     6 | D        | Noticed a bag of meat
     6 | D        | Noticed a bag of meat
     7 | D        | Noticed a bag of meat
     7 | D        | Noticed a bag of meat
     7 | D        | Noticed a bag of meat
     8 | D        | Noticed a bag of meat
     8 | D        | Noticed a bag of meat
     9 | D        | Noticed a bag of meat
     9 | D        | Noticed a bag of meat
    10 | D        | Noticed a bag of meat
    10 | D        | Killed a bag of meat
    10 | D        | Reached skill level 11 in Fighting
    10 | D        | Reached skill level 10 in Throwing
    10 | D        | Reached skill level 15 in Dodging
    10 | D        | Reached skill level 17 in Unarmed Combat
    10 | D        | Reached XP level 2. HP: 14/29 MP: 2/2
    10 | D        | Reached XP level 3. HP: 16/34 MP: 3/3
    10 | D        | Reached XP level 4. HP: 18/40 MP: 4/4
    10 | D        | Reached XP level 5. HP: 19/44 MP: 5/5
    10 | D        | Reached XP level 6. HP: 21/49 MP: 6/6
    10 | D        | Reached XP level 7. HP: 23/54 MP: 7/7
    10 | D        | Reached XP level 8. HP: 25/60 MP: 8/8
    10 | D        | Reached XP level 9. HP: 26/64 MP: 9/9
    10 | D        | Reached XP level 10. HP: 28/70 MP: 10/10
    10 | D        | Reached XP level 11. HP: 30/75 MP: 11/11
    10 | D        | Reached XP level 12. HP: 32/80 MP: 12/12
    11 | D        | Noticed a large bag of meat
    11 | D        | Killed a bag of meat
    11 | D        | Acquired Makhleb's first power
    11 | D        | Reached skill level 1 in Axes
    11 | D        | Reached skill level 20 in Unarmed Combat
    11 | D        | Reached XP level 13. HP: 33/88 MP: 13/13
    11 | D        | Killed a bag of meat
    11 | D        | Reached skill level 21 in Unarmed Combat
    11 | D        | Gained mutation: Your large and strong wings let you fly indefinitely. [Gargoyle growth]
    11 | D        | Reached XP level 14. HP: 34/96 MP: 14/14
    11 | D        | Killed a bag of meat
    11 | D        | Acquired Makhleb's second power
    11 | D        | Reached skill level 15 in Fighting
    11 | D        | Reached skill level 22 in Unarmed Combat
    11 | D        | Killed a bag of meat
    11 | D        | Reached skill level 23 in Unarmed Combat
    11 | D        | Reached XP level 15. HP: 73/105 MP: 15/15
    12 | D        | Killed a bag of meat
    12 | D        | Acquired Makhleb's third power
    12 | D        | Reached skill level 5 in Axes
    12 | D        | Reached skill level 1 in Armour
    12 | D        | Reached skill level 24 in Unarmed Combat
    12 | D        | Killed a bag of meat
    12 | D        | Reached skill level 15 in Throwing
    12 | D        | Reached skill level 25 in Unarmed Combat
    12 | D        | Reached XP level 16. HP: 112/114 MP: 16/16
    12 | D        | Killed a bag of meat
    12 | D        | Reached skill level 26 in Unarmed Combat
    12 | D        | Killed a bag of meat
    12 | D        | Acquired Makhleb's fourth power
    12 | D        | Reached skill level 27 in Unarmed Combat
    13 | D        | Noticed a bag of meat
    13 | D        | Noticed a meat berserker
    13 | D        | Noticed a bag of meat
    13 | D        | Noticed a bag of meat
    13 | D        | Noticed a bag of meat
    13 | D        | Noticed a bag of meat
    13 | D        | Noticed a bag of meat
    13 | D        | Noticed a bag of meat
    14 | D        | Noticed a large bag of meat
    14 | D        | Noticed a bag of meat
    14 | D        | Noticed a bag of meat
    14 | D        | Noticed a bag of meat
    14 | D        | Noticed a meat berserker
    14 | D        | Noticed a bag of meat
    15 | D        | Noticed a bag of meat
    15 | D        | Noticed a bag of meat
    15 | D        | Killed a meat berserker
    15 | D        | Reached XP level 17. HP: 123/128 MP: 17/17
    15 | D        | Killed a bag of meat
    15 | D        | Acquired Makhleb's fifth power
    15 | D        | Reached skill level 5 in Armour
    16 | D        | Noticed a bag of meat
    16 | D        | Noticed a bag of meat
    16 | D        | Killed a bag of meat
    16 | D        | Reached skill level 27 in Dodging
    16 | D        | Reached XP level 18. HP: 10/138 MP: 18/18
    16 | D        | Killed a large bag of meat
    16 | D        | Killed from afar by a large bag of meat

Vault maps used:
D:        meatsprint

Action                   |  1- 3 |  4- 6 |  7- 9 | 10-12 | 13-15 | 16-18 || total
-------------------------+-------+-------+-------+-------+-------+-------++-------
Melee: Executioner's axe |     1 |       |       |     1 |     1 |     2 ||     5
